Map: Dusk Towers

Players

Elazer

  • Race: Zerg Zerg
  • League: Grandmaster

MMA - Winner!

  • Race: Terran Terran

Event: Homestory Cup XII

VOD

Have the link to the VOD?

Description

Time

  • Played on: Dec. 20, 2015, 2:21 p.m.
  • Length: 7:35

All games in this series

Show
View Real Time Build Order
Export as new Build Order

Elazer Zerg 

Build Orders: Hatch First 

Get SALT Encoding   

  12  0:00  Drone  
  13  0:12  Overlord  
  13  0:17  Drone  
  14  0:30  Drone x2  
  16  0:36  Drone  
  17  0:53  Hatchery  
  17  0:54  Drone  
  17  0:57  Drone  
  18  1:08  Extractor  
  17  1:12  Spawning Pool  
  17  1:15  Drone  
  17  1:18  Drone  
  18  1:27  Drone  
  19  1:38  Overlord  
  19  1:59  Zergling x2, Queen  
  19  2:00  Zergling x2  
  23  2:04  Queen  
  23  2:05  Drone  
  23  2:08  Metabolic Boost  
  26  2:11  Drone  
  28  2:15  Drone  
  28  2:22  Drone  
  29  2:26  Drone  
  30  2:34  Drone, Queen  
  33  2:41  Drone  
  34  2:44  Drone  
  34  2:50  Overlord  
  35  2:55  Hatchery  
  35  2:58  Drone  
  35  2:59  Drone  
  36  3:09  Drone x2  
  36  3:12  Queen  
  40  3:14  Drone  
  40  3:15  Drone x2  
  40  3:17  Drone  
  44  3:29  Overlord  
  44  3:33  Extractor x2  
  42  3:34  Roach Warren  
  42  3:35  Drone x3  
  42  3:37  Overlord  
  44  3:49  Queen  
  44  3:52  Lair, Drone x2  
  44  3:54  Drone  
  49  3:55  Drone  
  49  3:58  Drone  
  51  4:15  Zergling x4  
  51  4:16  Zergling x2  
  51  4:18  Overlord  
  51  4:24  Drone x3  
  46  4:25  Drone  
  46  4:31  Drone  
  45  4:32  Drone  
  45  4:35  Drone  
  47  4:39  Drone  
  47  4:42  Drone  
  49  4:46  Drone x2  
  49  4:48  Drone  
  49  4:50  Drone  
  51  4:59  Spore Crawler x2  
  46  5:03  Spore Crawler  
  46  5:06  Overseer  
  44  5:10  Drone x2  
  44  5:13  Drone  
  43  5:19  Drone  
  43  5:24  Drone  
  43  5:27  Drone  
  44  5:31  Drone x2  
  44  5:34  Drone  
  47  5:36  Drone  
  47  5:40  Drone x2  
  47  5:42  Drone  
  51  5:46  Drone  
  51  5:47  Drone  
  52  5:51  Drone x2  
  52  5:53  Drone  
  52  5:54  Drone  
  54  5:58  Drone x2  
  54  6:00  Drone  
  56  6:07  Drone x3  
  56  6:08  Drone x2  
  61  6:12  Glial Reconstitution  
  61  6:18  Overlord  
  59  6:23  Drone x2  
  59  6:25  Drone x3  
  63  6:27  Drone  
  63  6:28  Drone x3  
  63  6:31  Roach x2  
  71  6:33  Roach  
  71  6:37  Roach x2  
  77  6:41  Roach x2  
  81  6:48  Overlord  
  81  6:51  Overlord x2  
  81  6:56  Evolution Chamber, Extractor  
  81  6:57  Evolution Chamber  
  81  7:01  Overlord x2  
  78  7:09  Drone x8  
  78  7:12  Roach  
  78  7:13  Ravager x3  
  78  7:14  Ravager x3  
  78  7:15  Ravager  
  95  7:16  Roach  
Show
View Real Time Build Order
Export as new Build Order

MMA Terran - Winner!

Build Orders: Reaper Expand, MMM Bio, Banshee Rush 

Get SALT Encoding   

  12  0:00  SCV  
  13  0:13  SCV  
  14  0:17  Supply Depot  
  14  0:25  SCV  
  15  0:39  SCV, Barracks  
  16  0:43  Refinery  
  16  0:51  SCV  
  17  1:03  SCV  
  18  1:15  SCV  
  19  1:26  Reaper  
  19  1:27  Orbital Command  
  20  1:39  Command Center  
  20  1:50  Supply Depot  
  20  1:53  SCV  
  21  1:58  Marine  
  22  2:02  Factory  
  22  2:05  SCV  
  23  2:10  Refinery  
  23  2:17  SCV  
  23  2:20  Barracks Reactor  
  24  2:29  SCV  
  25  2:41  SCV  
  25  2:47  Starport  
  25  2:51  Orbital Command  
  25  2:53  SCV  
  26  3:01  Hellion x2  
  30  3:05  SCV  
  30  3:08  Barracks Tech Lab  
  31  3:16  SCV  
  31  3:18  SCV  
  33  3:22  Hellion x2  
  33  3:25  Supply Depot  
  37  3:28  SCV  
  37  3:30  SCV  
  37  3:32  Banshee, Barracks Tech Lab  
  37  3:33  Cloaking Field  
  42  3:41  SCV  
  43  3:42  SCV  
  44  3:50  Marine  
  44  3:51  Stimpack  
  44  3:53  SCV  
  44  3:54  SCV  
  47  4:02  Command Center  
  47  4:05  SCV  
  47  4:06  SCV  
  47  4:08  Marine  
  50  4:17  SCV  
  50  4:18  SCV  
  50  4:26  Marine  
  47  4:32  Banshee  
  47  4:34  SCV x2  
  47  4:35  Factory Reactor  
  47  4:36  Barracks  
  47  4:37  Barracks  
  50  4:44  Engineering Bay  
  50  4:45  Marine  
  50  4:46  Refinery, Engineering Bay  
  50  4:47  Refinery  
  50  4:48  SCV x2  
  53  5:00  SCV  
  54  5:07  Barracks x2  
  54  5:13  Marine  
  54  5:14  SCV x2  
  56  5:17  Terran Infantry Weapons Level 1, Terran Infantry Armor Level 1  
  57  5:24  Orbital Command  
  57  5:25  Marine x2  
  57  5:26  SCV  
  60  5:28  Starport Reactor  
  60  5:31  Marine x3  
  60  5:32  Siege Tank  
  66  5:43  Marine x2  
  66  5:45  Supply Depot  
  66  5:47  Supply Depot  
  66  5:49  Marine  
  69  5:58  Combat Shields  
  69  5:59  Barracks Reactor x2  
  69  6:04  Supply Depot x2  
  69  6:07  Medivac x2, Marine x2  
  69  6:10  SCV  
  69  6:11  SCV  
  77  6:13  Orbital Command  
  77  6:23  Marine x3  
  77  6:24  Marine x2  
  82  6:25  SCV  
  82  6:26  SCV  
  82  6:30  Supply Depot x2  
  82  6:32  Armory, Factory Reactor  
  84  6:37  Medivac x2  
  84  6:38  SCV x2  
  90  6:40  SCV  
  90  6:46  Supply Depot  
  93  6:48  Supply Depot  
  93  6:50  SCV x2  
  93  6:52  Marauder, Marine x6  
  93  6:53  Marine  
  102  6:57  SCV  
  103  7:02  SCV x2  
  105  7:08  Supply Depot x2  
  105  7:13  SCV  
  105  7:14  SCV x2  
Tags
 
Add a new tag
Caveats
  • Supply blocks, unpowered buildings, or Contaminate may cause inaccurate times.
  • Supply counts are checked every 10 seconds.